 Dungeon Crawl Stone Soup version 0.27-a0-1158-gaa87e14f67 (webtiles) character file.

Game seed: 1955193349667466847

433088 jasper the Sniper (level 22, -27/190 HPs)
             Began as a Demonspawn Wanderer on May 15, 2021.
             Was the Champion of Okawaru.
             Blown up by a lich (56 damage)
             ... with an orb of destruction
             ... on level 1 of the Depths.
             The game lasted 02:14:43 (62991 turns).

jasper the Sniper (Demonspawn Wanderer)            Turns: 62991, Time: 02:14:43

Health: -27/190    AC: 31    Str: 28    XL:     22   Next: 87%
Magic:  28/28      EV: 25    Int: 11    God:    Okawaru [******]
Gold:   1581       SH:  8    Dex: 18    Spells: 21/21 levels left

rFire    + + .     SeeInvis .   N - +7 lajatang of Order {silver, rMut}
rCold    + . .     Faith    .   (shield currently unavailable)
rNeg     + + .     Spirit   .   z - quicksilver dragon scales of Soft Rains {Fly rElec rC+ Will+ rCorr Dex-2}
rPois    .         Reflect  .   a - +1 helmet of Erounas {+Blink Str+3 Dex+4 Slay+2}
rElec    +         Harm     .   M - +2 cloak of Death's Door {Str+5}
rCorr    +         Rampage  .   T - +0 pair of gloves "Cyut" {rF++ rN+}
rMut     +                      (boots unavailable)
Will     ++++.                  t - amulet "Eqetox" {RegenMP Will++ Regen+ Int-2 Stlth+}
Stlth    ++........             v - ring "Uzoq" {rN+ rCorr}
HPRegen  1.41/turn              i - ring of the Tortoise {AC+8}
MPRegen  0.46/turn

@: agile, flying, studying Fighting
A: talons 3, large bone plates 3, foul stench 2, powered by pain 2, corrupting
presence 2
}: 2/15 runes: decaying, gossamer
a: Renounce Religion, Evoke Blink, Heroism, Finesse


You were on level 1 of the Depths.
You worshipped Okawaru.
Okawaru was exalted by your worship.
You visited 9 branches of the dungeon, and saw 40 of its levels.
You visited the Abyss 1 time.
You also visited: Sewer, Gauntlet and Wizlab.

You collected 6906 gold pieces.
You spent 5325 gold pieces at shops.

Inventory:

Hand Weapons
 d - the +8 triple crossbow of Secun {penet, rPois rN+ MP-9}
   (Okawaru gifted it to you on level 3 of the Vaults)

   Ammo fired by it passes through the targets it hits, potentially hitting all
   targets in its path until it reaches maximum range.
   It protects you from poison.
   It protects you from negative energy.
   It affects your magic capacity (-9).
 N - the +7 lajatang of Order (weapon) {silver, rMut}
   (You found it on level 6 of the Lair of Beasts)

   It protects you from mutation.
 Q - the +8 arbalest "Oczuot" {elec, rPois Int+4}
   (You acquired it on level 2 of the Vaults)

   It charges the ammunition it shoots with electricity; occasionally upon a
   hit, such missiles may discharge and cause terrible harm.
   It affects your intelligence (+4).
   It protects you from poison.
Missiles
 b - 1811 bolts
 n - 5 atropa-tipped darts
 A - 5 throwing nets (quivered)
 O - 22 curare-tipped darts
Armour
 a - the +1 helmet of Erounas (worn) {+Blink Str+3 Dex+4 Slay+2}
   (You found it in a Gauntlet)

   It affects your strength (+3).
   It affects your dexterity (+4).
   It affects your accuracy and damage with ranged weapons and melee attacks
   (+2).
   It lets you blink.
 m - the +4 pair of gloves "Kackeg" {rElec rF+ Str-3 Dex+7}
   (Okawaru gifted it to you on level 15 of the Dungeon)

   It affects your strength (-3).
   It affects your dexterity (+7).
   It protects you from fire.
   It insulates you from electricity.
 r - the +0 pearl dragon scales "Iracune" {rPois rN+}
   (You found it in a Gauntlet)

   It protects you from poison.
   It protects you from negative energy.
 z - the quicksilver dragon scales of Soft Rains (worn) {Fly rElec rC+ Will+ rCorr Dex-2}
   (You bought it in a shop on level 1 of the Vaults)

   It affects your dexterity (-2).
   It protects you from cold.
   It insulates you from electricity.
   It grants you flight.
   It protects you from acid and corrosion.
   It increases your willpower.
 I - the +10 plate armour of Devotion {rC+ Will++}
   (You bought it in a shop on level 2 of the Orcish Mines)

   It protects you from cold.
   It greatly increases your willpower.
 M - the +2 cloak of Death's Door (worn) {Str+5}
   (You found it on level 3 of the Elven Halls)

   It affects your strength (+5).
 T - the +0 pair of gloves "Cyut" (worn) {rF++ rN+}
   (You found it on level 1 of the Spider Nest)

   It greatly protects you from fire.
   It protects you from negative energy.
Jewellery
 i - the ring of the Tortoise (right hand) {AC+8}
   (You bought it in a shop on level 2 of the Orcish Mines)

   [ring of protection]

   It affects your AC (+8).
 j - a ring of protection from cold
 t - the amulet "Eqetox" (around neck) {RegenMP Will++ Regen+ Int-2 Stlth+}
   (You bought it in a shop on level 2 of the Orcish Mines)

   [amulet of magic regeneration]

   It increases your rate of magic regeneration.
   It affects your intelligence (-2).
   It increases your rate of health regeneration.
   It greatly increases your willpower.
   It makes you more stealthy.
 v - the ring "Uzoq" (left hand) {rN+ rCorr}
   (You found it on level 4 of the Swamp)

   [ring of resist corrosion]

   It protects you from negative energy.
   It protects you from acid and corrosion.
 S - a ring of willpower
Wands
 f - a wand of iceblast (43)
 s - a wand of acid (23)
 u - a wand of flame (41)
 E - a wand of digging (5)
Scrolls
 o - 9 scrolls of enchant armour
 p - 20 scrolls of teleportation
 B - 4 scrolls of immolation
 C - 2 scrolls of fear
 F - a scroll of silence
 G - 3 scrolls of fog
 J - 8 scrolls of enchant weapon
 L - 11 scrolls of blinking
 P - 3 scrolls of magic mapping
 W - 16 scrolls of identify
 Y - a scroll of summoning
Potions
 c - 14 potions of curing
 e - 2 potions of invisibility
 g - 12 potions of flight
 h - 6 potions of ambrosia
 k - 6 potions of berserk rage
 q - 4 potions of might
 x - 11 potions of attraction
 D - 6 potions of cancellation
 H - 2 potions of magic
 K - 11 potions of haste
 R - 4 potions of mutation
 U - 3 potions of resistance
 V - 3 potions of heal wounds
 X - 2 potions of lignification
Miscellaneous
 l - a condenser vane (inert)
 w - a phial of floods
 y - a tin of tremorstones (2/2)
 Z - a phantom mirror


   Skills:
 - Level 20.0 Fighting
 - Level 1.0(9.3) Maces & Flails
 - Level 13.9(14.0) Staves
 + Level 21.8 Crossbows
 - Level 15.0 Armour
 - Level 15.0 Dodging
 - Level 1.7 Stealth
 - Level 9.0 Invocations
 - Level 6.0 Evocations


You had 21 spell levels left.
You didn't know any spells.
Your spell library contained the following spells:

 Spells                   Type           Power      Damage    Failure   Level
 Animate Skeleton         Necr           0%         N/A       41%         1
 Apportation              Tloc           0%         N/A       41%         1
 Beastly Appendage        Tmut           0%         N/A       41%         1
 Corona                   Hex            0%         N/A       41%         1
 Foxfire                  Conj/Fire      0%         2x1d4     41%         1
 Magic Dart               Conj           0%         1d3       41%         1
 Pain                     Necr           0%         1d4       41%         1
 Summon Small Mammal      Summ           0%         N/A       41%         1
 Ensorcelled Hibernation  Hex/Ice        0%         N/A       56%         2
 Poisonous Vapours        Pois/Air       0%         N/A       56%         2
 Searing Ray              Conj           0%         3d3       56%         2
 Sublimation of Blood     Necr           0%         N/A       56%         2
 Wereblood                Tmut           0%         N/A       56%         2
 Confusing Touch          Hex            0%         N/A       80%         3
 Conjure Flame            Conj/Fire      0%         6-21      80%         3
 Dazzling Flash           Conj/Hex       0%         N/A       80%         3
 Gell's Gravitas          Tloc           0%         N/A       80%         3
 Ignite Poison            Fire/Tmut/Pois 0%         N/A       80%         3
 Mephitic Cloud           Conj/Pois/Air  0%         N/A       80%         3
 Spider Form              Tmut/Pois      0%         N/A       80%         3
 Swiftness                Air            0%         N/A       80%         3
 Tukima's Dance           Hex            0%         N/A       80%         3
 Vampiric Draining        Necr           0%         2d6       80%         3
 Animate Armour           Summ/Erth      0%         N/A       99%         4
 Animate Dead             Necr           0%         N/A       99%         4
 Cause Fear               Hex            0%         N/A       99%         4
 Fulminant Prism          Conj/Hex       0%         3d6       99%         4
 Hailstorm                Conj/Ice       0%         3d3       99%         4
 Ice Form                 Ice/Tmut       0%         N/A       99%         4
 Iskenderun's Mystic Bla  Conj/Tloc      0%         2d3       99%         4
 Leda's Liquefaction      Hex/Erth       0%         N/A       99%         4
 Petrify                  Tmut/Erth      0%         N/A       99%         4
 Summon Lightning Spire   Summ/Air       0%         N/A       99%         4
 Agony                    Necr           0%         N/A       100%        5
 Alistair's Intoxication  Tmut/Pois      0%         N/A       100%        5
 Bolt of Magma            Conj/Fire/Erth 0%         4d4       100%        5
 Hydra Form               Tmut           0%         N/A       100%        5
 Irradiate                Conj/Tmut      0%         3d13      100%        5
 Iskenderun's Battlesphe  Conj           0%         2d6       100%        5
 Lightning Bolt           Conj/Air       0%         1d11      100%        5
 Metabolic Englaciation   Hex/Ice        0%         N/A       100%        5
 Silence                  Hex/Air        0%         N/A       100%        5
 Summon Forest            Summ/Tloc      0%         N/A       100%        5
 Summon Mana Viper        Hex/Summ       0%         N/A       100%        5
 Yara's Violent Unravell  Hex/Tmut       0%         3d3       100%        5
 Eringya's Noxious Bog    Tmut/Pois      0%         N/A       100%        6
 Freezing Cloud           Conj/Ice/Air   0%         6-21      100%        6
 Iron Shot                Conj/Erth      0%         9d1       100%        6
 Shadow Creatures         Summ           N/A        N/A       100%        6
 Starburst                Conj/Fire      0%         8x6d3     100%        6
 Statue Form              Tmut/Erth      0%         N/A       100%        6
 Haunt                    Necr/Summ      0%         N/A       100%        7
 Malign Gateway           Summ/Tloc      0%         N/A       100%        7
 Monstrous Menagerie      Summ           0%         N/A       100%        7
 Orb of Destruction       Conj           0%         N/A       100%        7
 Spellforged Servitor     Conj/Summ      0%         N/A       100%        7
 Summon Hydra             Summ           0%         N/A       100%        7
 Discord                  Hex            0%         N/A       100%        8
 Summon Horrible Things   Summ           0%         N/A       100%        8
 Shatter                  Erth           0%         3d5*      100%        9


Dungeon Overview and Level Annotations

Branches:
Dungeon (15/15)            Temple (1/1) D:7            Lair (6/6) D:8
  Swamp (4/4) Lair:2       Spider (4/4) Lair:2        Slime (0/5) Lair:5
    Orc (2/2) D:11            Elf (3/3) Orc:2        Vaults (4/5) D:14
  Crypt (0/3) Vaults:3     Depths (1/5) D:15          Sewer (visited)
 WizLab (visited)         Gauntlet (visited)

Altars:
Ashenzari
Cheibriados
Dithmenos
Elyvilon
Fedhas
Hepliaklqana
Kikubaaqudgha
Makhleb
Nemelex Xobeh
Okawaru
Qazlal
Ru
Sif Muna
Trog
Uskayaw
Vehumet
Wu Jian
Xom
Yredelemnul
Zin
The Shining One
Jiyva
Lugonu

Shops:
D:6 *   Orc:2 :[=(   Elf:1 [   Vaults:1 [

Portals:
Hell: Depths:1
Trove: Elf:3 (give +4 shadow dragon scales)

Annotations:
Lair:2 3 runed translucent doors, Jifoaq's ghost, journeyman MiFi
Lair:3 exclusion: 2 oklob plants
Lair:4 exclusion: oklob plant
Lair:5 1 runed translucent door, exclusion: oklob plant, Lorysmes's ghost, journeyman DrTm
Spider:2 1 runed translucent door, Zonian's ghost, adept VSCj
Orc:1 bilbop's ghost, journeyman DjAE
Elf:2 exclusion: orange crystal statue


Innate Abilities, Weirdness & Mutations

You have claws for feet.
You are completely covered in large bone plates. (SH +8)
You sometimes emit foul miasma when damaged in melee.
You sometimes gain power by taking damage.
Your presence sometimes corrodes or deforms those you injure.


Message History

A bolt of cold appears from out of thin air!
The bolt of cold hits you!! You resist.
The frost giant points at you and mumbles some strange words.
The bolt of cold hits you!! You resist.
You focus on the pain.
You feel your power returning.
You take 47 damage, and have 92/190 hp.
MASSIVE DAMAGE!!
MP restored: 28 Something touches you. You partially resist.
Something touches you! You partially resist.
You feel drained.
An ettin comes into view. It is wielding two +0 dire flails.
You take 7 damage, and have 85/188 hp.
You slice something!! You claw something.
Something touches you but does no damage.
You closely miss something. You claw something. You block something's attack.
You barely miss something. Your kick misses something.
Something conjures a glowing orb.
The wavering orb of destruction weakly hits you!!
You take 29 damage, and have 58/188 hp.
You slice something!! You claw something.
Something touches you but does no damage.
The frost giant gestures at you while chanting.
The bolt of cold hits you! You resist.
* * * LOW HITPOINT WARNING * * *
You take 15 damage, and have 43/188 hp.
You blink.
The frost giant misses you.
You now have 27/28 mp.
Clouds of flame condense around you!
The condenser dries out!
Something conjures a glowing orb.
The frost giant is engulfed in a cloud of scalding steam.
The frost giant hits you with a +1 battleaxe of freezing!!
* * * LOW HITPOINT WARNING * * *
An orb of destruction comes into view.
You take 17 damage, and have 27/188 hp.
MP restored: 28
Okay, then.
Okawaru accepts your kill.
You feel a bit more experienced.
Your life force feels restored.
The orb of destruction hits you!!!
You die...

........# #.....#........##.....
.......######....#...(##..#..#...
.......#.........#.....†.....####
..................§........###
####)..........§..C..........# #
#.............≈C§§.§††....##
###.............§§§§≈§.#..###
....#..........§§§§§§§.####
....#.......#..§@○§§...#
............#...§§§..###
....##...........§..##
....#..........≈§...#
.####..............## .#
##.##...........## .#
#####...........# ##
#.........### # ###.....#.#


There were no monsters in sight!

Vanquished Creatures
  Saint Roka (Elf:3)
  A golden dragon (Vaults:2)
  Arachne (Spider:2)
  A Cloud Mage (WizLab)
  A lich (Depths:1)
  Asterion (D:15)
  2 deep elf master archers (Elf:3)
  2 deep elf blademasters (Elf:3)
  4 sphinxes
  An Executioner (Abyss:3)
  Gastronok (Lair:1)
  4 thorn hunters (Swamp:4)
  Frances (Spider:2)
  Kirke (D:15)
  2 fire giants
  Donald (Spider:2)
  A fenstrider witch (Swamp:4)
  Aizul (Vaults:1)
  5 ghost moths
  9 emperor scorpions
  4 frost giants
  5 deep elf sorcerers
  Louise (D:14)
  5 deep elf elementalists
  21 vault wardens
  2 orc warlords
  23 ironbound preservers
  3 ghouls
  The ghost of Otejutz the Severer, a journeyman DDFi of Ru (Swamp:4)
  3 stone giants
  7 war gargoyles
  8 very ugly things
  2 vampire knights
  5 deep elf demonologists
  Nessos (D:14)
  11 entropy weavers
  3 deep elf annihilators (Elf:3)
  4 spark wasps
  8 bunyips
  7 dire elephants
  7 eleionomae
  3 fire dragons
  2 eidola (Vaults:3)
  2 ettins
  4 deep elf death magi (Elf:3)
  2 blizzard demons (WizLab)
  3 crystal guardians (Vaults:2)
  3 deep elf high priests
  2 shambling mangroves (Swamp:4)
  13 yaktaur captains
  Josephine (D:14)
  5 ironbound thunderhulks
  3 great orbs of eyes
  An ice dragon (Depths:1)
  16 vault guards
  8 boulder beetles
  24 hydras
  2 ogre magi
  3 spriggan air magi
  6 centaur warriors
  2 peacekeepers (Vaults:2)
  A catoblepas (D:14)
  7 ghost crabs
  7 ironbound frosthearts
  11 two-headed ogres
  2 death knights (D:12)
  10 alligators
  5 dancing weapons
  A death yak (Lair:2)
  7 tengu warriors
  2 deep troll earth magi (D:15)
  6 ironbound beastmasters
  A thrashing horror (Abyss:3)
  3 orc high priests
  6 deep elf knights
  A shock serpent (WizLab)
  Sonja (Orc:2)
  5 wretched stars (Abyss:3)
  Nergalle (D:11)
  A shadow wraith (Vaults:4)
  A skeletal warrior (D:12)
  2 iron trolls (D:15)
  70 deep trolls
  A glowing orange brain (Vaults:2)
  4 goliath frogs
  An entropy weaver zombie (Vaults:3)
  A shadow demon (Abyss:3)
  3 death drakes
  10 swamp dragons
  13 harpies
  7 bog bodies
  4 spriggan druids
  2 lindwurms
  5 necromancers
  15 ironbound convokers
  8 deep elf archers
  11 deep elf pyromancers
  2 phantasmal warriors
  13 wizards
  19 deep elf zephyrmancers
  8 orc knights
  A fire giant zombie (Depths:1)
  19 orb spiders
  26 wolf spiders
  6 orc sorcerers (Orc:2)
  15 ugly things
  11 cyclopes
  A sphinx skeleton (Depths:1)
  2 oklob plants (Spider:3)
  6 will-o-the-wisps
  8 manticores
  13 elephants
  2 moths of wrath (Spider:4)
  2 apocalypse crabs (WizLab)
  2 water nymphs (Swamp:1)
  An ice statue (Gauntlet)
  A black mamba (Lair:6)
  2 smoke demons (Abyss:3)
  16 vault sentinels
  3 gargoyles
  2 torpor snails
  20 cane toads
  An efreet (D:14)
  53 yaktaurs
  A spark wasp simulacrum (Depths:1)
  7 kobold demonologists
  Maggie (D:7)
  4 rime drakes
  7 komodo dragons
  A freezing wraith (D:14)
  5 unseen horrors
  19 demonic crawlers
  A human skeleton (Vaults:3)
  A komodo dragon (shapeshifter) (D:14)
  3 tengu conjurers
  2 queen bees (shapeshifter)
  9 trolls
  2 bloated husks
  4 meliai
  31 jumping spiders
  2 polar bears (Lair:4)
  13 hornets
  23 slime creatures
  11 tyrant leeches
  3 wind drakes (WizLab)
  A wind drake (shapeshifter) (D:15)
  37 blink frogs
  2 ettin zombies (Depths:1)
  A raiju (Gauntlet)
  9 air elementals
  4 shadows
  A centaur simulacrum (D:15)
  10 spriggans
  2 fire elementals
  35 tarantellas
  4 wyverns
  3 vampires
  2 ynoxinuls (Abyss:3)
  75 redbacks
  3 water elementals
  45 yaks
  An alligator skeleton (Abyss:3)
  A human (shapeshifter) (D:15)
  16 wraiths
  A human (D:7)
  2 hogs (D:15)
  6 basilisks
  A yaktaur simulacrum (Vaults:3)
  A chaos spawn (Abyss:3)
  18 vampire mosquitoes
  5 steam dragons
  Menkaure (D:4)
  4 acid dragons
  3 large abominations (Abyss:3)
  13 swamp worms
  A warg (Orc:2)
  Edmund (D:4)
  A floating eye (shapeshifter) (Vaults:4)
  20 water moccasins
  35 orc warriors
  7 swamp drakes (Swamp:4)
  A sky beast (D:7)
  A black bear (D:7)
  12 ice beasts
  4 necrophages
  A human zombie (Vaults:3)
  5 ogres
  8 centaurs
  4 wolves (Lair:3)
  A kobold brigand (D:7)
  20 bullfrogs
  An earth elemental (Elf:3)
  3 gnoll sergeants
  A wyvern skeleton (D:7)
  2 small abominations (Abyss:3)
  A water moccasin skeleton (D:4)
  4 wights (D:8)
  9 electric eels
  4 howler monkeys
  4 centaur zombies
  20 starcursed masses (Abyss:3)
  3 jellies
  A quasit (Abyss:3)
  12 orc priests
  2 bullfrog skeletons
  4 centaur skeletons (D:7)
  2 gnoll shamans
  2 hounds
  Jessica (D:2)
  5 iguanas
  Terence (D:2)
  A scorpion zombie (D:4)
  Natasha (thrice) (D:4)
  17 orc wizards
  6 hell rats (Lair:3)
  A lightning spire (Gauntlet)
  2 howler monkey zombies (D:7)
  22 gnolls
  10 adders
  6 river rats
  A white imp (D:7)
  6 ufetubi
  An adder skeleton (D:4)
  5 worms
  A dart slug (D:4)
  73 orcs
  6 endoplasms
  A giant cockroach (D:2)
  8 goblins
  8 hobgoblins
  6 jackals
  7 quokkas
  8 ball pythons
  11 bats
  2 frilled lizards
  18 kobolds
  14 rats
1673 creatures vanquished.

Vanquished Creatures (collateral kills)
  A minotaur (Gauntlet)
  A spriggan air mage (WizLab)
2 creatures vanquished.

Vanquished Creatures (others)
  A spark wasp (WizLab)
  A spriggan air mage (WizLab)
  A bloated husk (Swamp:3)
  2 wind drakes (WizLab)
  An air elemental (WizLab)
  8 briar patches (Swamp:4)
  22 demonic plants (Gauntlet)
  49 foxfires
  39 fungi
  167 plants
  2 starspawn tentacles (Abyss:3)
293 creatures vanquished.

Grand Total: 1968 creatures vanquished

Notes
Turn   | Place    | Note
-------+----------+-------------------------------------------
     0 | D:1      | jasper the Demonspawn Wanderer began the quest for the Orb.
     0 | D:1      | jasper set off with the following items: a +2 hand
                  | crossbow, 24 bolts, 2 potions of curing, a +0 robe, a +0
                  | dagger
     0 | D:1      | Reached XP level 1. HP: 16/16 MP: 1/1
   213 | D:1      | Reached skill level 2 in Crossbows
   213 | D:1      | Gained mutation: You sometimes gain a little power by
                  | taking damage. [demonic ancestry]
   213 | D:1      | Reached XP level 2. HP: 22/22 MP: 2/2
   477 | D:1      | Reached XP level 3. HP: 27/27 MP: 3/3
   848 | D:2      | Reached skill level 3 in Crossbows
   915 | D:2      | Found a faded altar of an unknown god.
  1160 | D:2      | Noticed Terence
  1162 | D:2      | Killed Terence
  1163 | D:2      | Reached XP level 4. HP: 33/33 MP: 4/4
  1222 | D:2      | Reached skill level 4 in Crossbows
  1299 | D:2      | Noticed Jessica
  1302 | D:2      | Killed Jessica
  1303 | D:2      | Gained mutation: You may rarely emit foul miasma when
                  | damaged in melee. [demonic ancestry]
  1303 | D:2      | Reached XP level 5. HP: 32/38 MP: 5/5
  1696 | D:3      | Found a shimmering blue altar of Sif Muna.
  1699 | D:3      | Found a burning altar of Makhleb.
  1702 | D:3      | Found a shimmering altar of Xom.
  1728 | D:3      | Found a snail-covered altar of Cheibriados.
  1938 | D:3      | Found a glowing drain.
  1945 | D:3      | Reached skill level 5 in Crossbows
  1966 | Sewer    | Entered a sewer
  2113 | Sewer    | Noticed a water moccasin
  2124 | Sewer    | Killed a water moccasin
  2125 | Sewer    | Reached XP level 6. HP: 33/44 MP: 6/6
  3007 | D:4      | Reached skill level 6 in Crossbows
  3166 | D:4      | Noticed Edmund
  3186 | D:4      | Killed Edmund
  3197 | D:3      | Gained mutation: You have sharp toenails. [demonic
                  | ancestry]
  3197 | D:3      | Reached XP level 7. HP: 49/50 MP: 7/7
  3283 | D:4      | Noticed Natasha
  3287 | D:4      | Killed Natasha
  3288 | D:4      | Reached skill level 7 in Crossbows
  3430 | D:4      | Noticed Natasha
  3439 | D:4      | Killed Natasha
  3529 | D:4      | Noticed Natasha
  3534 | D:4      | Killed Natasha
  3675 | D:4      | Found an ornate altar of the Wu Jian Council.
  3717 | D:4      | Noticed Menkaure
  3719 | D:4      | Killed Menkaure
  3760 | D:4      | Reached skill level 8 in Crossbows
  4047 | D:5      | Entered Level 5 of the Dungeon
  4060 | D:5      | Identified the amulet "Hoc Rooni" {RegenMP Will+ Int+4
                  | Dex+4}
  4496 | D:5      | Identified the +6 short sword of Upheaval {vorpal, *Rage
                  | rElec rC++ Dex+2}
  4878 | D:6      | Gained mutation: You are partially covered in large bone
                  | plates. (SH +4) [demonic ancestry]
  4878 | D:6      | Reached XP level 8. HP: 56/56 MP: 8/8
  4930 | D:6      | Reached skill level 9 in Crossbows
  5033 | D:6      | Found Laeh's General Store.
  5041 | D:6      | Bought a wand of digging (4) for 208 gold pieces
  5041 | D:6      | Bought a scroll of teleportation for 39 gold pieces
  5041 | D:6      | Bought a scroll of fog for 26 gold pieces
  5090 | D:6      | Found a sacrificial altar of Ru.
  5506 | D:5      | Found a stormy altar of Qazlal.
  5965 | D:7      | Reached skill level 10 in Crossbows
  6153 | D:7      | Found a runed translucent door.
  6157 | D:7      | Found a basalt altar of Yredelemnul.
  6290 | D:7      | Reached XP level 9. HP: 63/64 MP: 9/9
  6484 | D:7      | Noticed Maggie
  6492 | D:7      | Killed Maggie
  6493 | D:7      | Reached skill level 5 in Armour
  6560 | D:7      | Found a staircase to the Ecumenical Temple.
  6575 | Temple   | Entered the Ecumenical Temple
  6589 | Temple   | Became a worshipper of Warmaster Okawaru
  6680 | D:7      | Reached skill level 1 in Invocations
  6698 | D:7      | Reached skill level 5 in Fighting
  6700 | D:7      | Noticed a wizard
  6724 | D:7      | Killed a wizard
  6724 | D:7      | Reached * piety under Okawaru
  6785 | D:7      | Noticed a cyclops
  6794 | D:7      | Killed a cyclops
  6795 | D:7      | Reached skill level 5 in Invocations
  6814 | D:7      | Gained mutation: You have razor-sharp toenails. [demonic
                  | ancestry]
  6814 | D:7      | Reached XP level 10. HP: 13/76 MP: 13/13
  6834 | D:7      | Noticed a wizard
  7428 | D:7      | Killed a wizard
  7428 | D:7      | Reached ** piety under Okawaru
  7439 | D:7      | Identified the +6 eveningstar of Conservatism {vamp, rPois
                  | rF- Stlth+}
  7572 | D:7      | Noticed a two-headed ogre
  7578 | D:7      | Killed a two-headed ogre
  7578 | D:7      | Reached *** piety under Okawaru
  7865 | D:7      | Noticed a brown ugly thing
  7878 | D:7      | Received a gift from Okawaru
  7881 | D:7      | Killed a brown ugly thing
  8292 | D:7      | Received a gift from Okawaru
  8763 | D:8      | Noticed a +0 hand axe
  8763 | D:8      | Noticed a +0 dagger
  8764 | D:8      | Found a hide-covered altar of Uskayaw.
  9423 | D:8      | Reached XP level 11. HP: 27/86 MP: 17/17
  9757 | D:8      | Received a gift from Okawaru
  9808 | D:8      | Found a staircase to the Lair.
 10301 | D:9      | Reached skill level 1 in Dodging
 10485 | D:9      | Reached **** piety under Okawaru
 10694 | D:9      | Paralysed by a hornet for 1 turns
 10696 | D:9      | Paralysed by a hornet for 3 turns
 11091 | D:9      | Noticed a two-headed ogre
 11100 | D:9      | Killed a two-headed ogre
 11100 | D:9      | Received a gift from Okawaru
 11730 | D:10     | Entered Level 10 of the Dungeon
 11982 | D:10     | Found a broken altar of Ashenzari.
 12038 | D:10     | Found Bulum's Magic Scroll Boutique.
 12041 | D:10     | Bought a scroll of teleportation for 39 gold pieces
 12041 | D:10     | Bought a scroll of blinking for 97 gold pieces
 12041 | D:10     | Bought a scroll of blinking for 97 gold pieces
 12041 | D:10     | Bought a scroll of identify for 26 gold pieces
 12041 | D:10     | Bought a scroll of identify for 26 gold pieces
 12041 | D:10     | Bought a scroll of identify for 26 gold pieces
 12041 | D:10     | Bought a scroll of identify for 26 gold pieces
 12041 | D:10     | Bought a scroll of identify for 26 gold pieces
 12041 | D:10     | Bought a scroll of identify for 26 gold pieces
 12244 | D:10     | Received a gift from Okawaru
 12581 | D:10     | Noticed a two-headed ogre
 12588 | D:10     | Killed a two-headed ogre
 12588 | D:10     | Received a gift from Okawaru
 12872 | D:11     | Reached skill level 10 in Fighting
 13101 | D:11     | Received a gift from Okawaru
 13104 | D:11     | Reached XP level 12. HP: 68/97 MP: 18/18
 13713 | D:11     | Reached skill level 5 in Dodging
 13728 | D:11     | Reached skill level 10 in Armour
 13760 | D:11     | Noticed a two-headed ogre
 13789 | D:11     | Killed a two-headed ogre
 14080 | D:11     | Found a staircase to the Orcish Mines.
 14340 | D:11     | Noticed a two-headed ogre
 14351 | D:11     | Killed a two-headed ogre
 14351 | D:11     | Received a gift from Okawaru
 14371 | D:11     | Noticed a two-headed ogre
 14377 | D:11     | Killed a two-headed ogre
 15421 | Lair:1   | Entered Level 1 of the Lair of Beasts
 15421 | Lair:1   | Noticed Gastronok
 15434 | Lair:1   | Killed Gastronok
 15434 | Lair:1   | Reached ***** piety under Okawaru
 15434 | Lair:1   | Received a gift from Okawaru
 15766 | Lair:1   | Noticed a seven-headed hydra
 15776 | Lair:1   | Killed a seven-headed hydra
 16296 | Lair:1   | Identified the +11 bardiche of the Candle {vorpal, Contam
                  | rN+ Will- Str+8} (Okawaru gifted it to you on level 1 of
                  | the Lair of Beasts)
 16296 | Lair:1   | Received a gift from Okawaru
 16447 | Lair:1   | Found a transporter.
 16447 | Lair:1   | Found a transporter.
 16447 | Lair:1   | Noticed a boulder beetle
 16447 | Lair:1   | Noticed a boulder beetle
 17032 | Lair:2   | Noticed a death yak
 17052 | Lair:2   | Killed a death yak
 17559 | Lair:2   | Found a runed translucent gate.
 17567 | Lair:2   | Reached skill level 1 in Evocations
 17657 | Lair:2   | Found a runed translucent gate.
 17658 | Lair:2   | Found a runed translucent gate.
 17658 | Lair:2   | Noticed a quicksilver ooze
 17660 | Lair:2   | Found a viscous altar of Jiyva.
 17660 | Lair:2   | Noticed Jifoaq's ghost (journeyman MiFi)
 17947 | Lair:2   | Found a hole to the Spider Nest.
 18232 | Lair:2   | Found a staircase to the Swamp.
 19033 | Lair:3   | Gained mutation: You are mostly covered in large bone
                  | plates. (SH +6) [demonic ancestry]
 19033 | Lair:3   | Reached XP level 13. HP: 105/105 MP: 19/19
 19134 | Lair:3   | Received a gift from Okawaru
 19428 | Lair:3   | Reached skill level 5 in Evocations
 20873 | Lair:4   | Found a blossoming altar of Fedhas.
 21785 | Lair:4   | Received a gift from Okawaru
 22194 | Lair:5   | Noticed Lorysmes's ghost (journeyman DrTm)
 22272 | Lair:5   | Found a gate leading to a gauntlet.
 22284 | Lair:5   | Found a staircase to the Slime Pits.
 22290 | Gauntlet | Entered a Gauntlet
 22290 | Gauntlet | Found a large runed translucent door.
 22290 | Gauntlet | Found a large runed translucent door.
 22290 | Gauntlet | Found a large runed translucent door.
 22290 | Gauntlet | Found a large runed translucent door.
 22290 | Gauntlet | Found a large runed translucent door.
 22290 | Gauntlet | Found a large runed translucent door.
 22290 | Gauntlet | Found a large runed translucent door.
 22290 | Gauntlet | Found a large runed translucent door.
 22290 | Gauntlet | Found a runed translucent door.
 22290 | Gauntlet | Found a runed translucent gate.
 22290 | Gauntlet | Found a transporter.
 22290 | Gauntlet | Found a transporter.
 22290 | Gauntlet | Found a runed translucent gate.
 22290 | Gauntlet | Found a transporter.
 22290 | Gauntlet | Found a transporter.
 22294 | Gauntlet | Found a transporter.
 22294 | Gauntlet | Found a transporter.
 22304 | Gauntlet | Found a transporter.
 22308 | Gauntlet | Found a transporter.
 22310 | Gauntlet | Noticed a green death
 22316 | Gauntlet | Noticed a dire elephant
 22320 | Gauntlet | Found a transporter.
 22391 | Gauntlet | Found a runed translucent door.
 22392 | Gauntlet | Found a large runed translucent door.
 22392 | Gauntlet | Found a large runed translucent door.
 22392 | Gauntlet | Found a large runed translucent door.
 22392 | Gauntlet | Found a large runed translucent door.
 22393 | Gauntlet | Found a large runed translucent door.
 22393 | Gauntlet | Found a large runed translucent door.
 22394 | Gauntlet | Found a large runed translucent door.
 22394 | Gauntlet | Found a large runed translucent door.
 22403 | Gauntlet | Found a runed translucent gate.
 22419 | Gauntlet | Found a transporter.
 22423 | Gauntlet | Found a transporter.
 22433 | Gauntlet | Found a transporter.
 22682 | Gauntlet | Identified the +1 helmet of Erounas {+Blink Str+3 Dex+4
                  | Slay+2}
 22763 | Gauntlet | Killed a dire elephant
 22764 | Gauntlet | Reached skill level 11 in Crossbows
 22804 | Gauntlet | Identified the ring "Ymym" {Ice Int+3}
 22937 | Gauntlet | Identified the +11 scimitar "Piasi" {vorpal, rF+ Will+
                  | Dex-2}
 22937 | Gauntlet | Noticed a minotaur
 22947 | Gauntlet | Killed a minotaur
 22947 | Gauntlet | Received a gift from Okawaru
 22964 | Gauntlet | Found the +5 robe of Night {Dark Will+ SInv}
 22966 | Gauntlet | Identified the +0 pearl dragon scales "Iracune" {rPois rN+}
 23283 | Lair:5   | Found a runed translucent door.
 23900 | Lair:6   | Entered Level 6 of the Lair of Beasts
 24004 | Lair:6   | Reached skill level 12 in Crossbows
 24797 | Lair:6   | Reached skill level 13 in Crossbows
 24804 | Lair:6   | Received a gift from Okawaru
 24832 | Lair:6   | Reached XP level 14. HP: 108/113 MP: 20/20
 25416 | Lair:6   | Found the +7 lajatang of Order {silver, rMut}
 25833 | Lair:6   | Reached skill level 14 in Crossbows
 26065 | Lair:6   | Identified the +6 spear of Trial by Ordeal {holy, rElec rF-
                  | SInv}
 26913 | Orc:1    | Entered Level 1 of the Orcish Mines
 26940 | Orc:1    | Noticed Nergalle
 26945 | Orc:1    | Reached ****** piety under Okawaru
 27269 | D:11     | Killed Nergalle
 27588 | Orc:1    | Found a transporter.
 27591 | Orc:1    | Noticed bilbop's ghost (journeyman DjAE)
 27594 | Orc:1    | Identified the +6 great mace of Absolution {vorpal, Int+3
                  | SInv}
 27596 | Orc:1    | Found a transporter.
 27660 | Orc:2    | Entered Level 2 of the Orcish Mines
 27852 | Orc:2    | Noticed Sonja
 27864 | Orc:2    | Killed Sonja
 28664 | Orc:2    | Found Kiuff's Antique Weapon Shop.
 28701 | Orc:2    | Received a gift from Okawaru
 29360 | Orc:2    | Received a gift from Okawaru
 29364 | Orc:2    | Reached skill level 1 in Staves
 29649 | Orc:2    | Found Gaun's Jewellery Emporium.
 29666 | Orc:2    | Found Acvof's Antique Armour Emporium.
 29667 | Orc:2    | Found Ihisapia's Book Shop.
 29815 | Orc:2    | Found a bloodstained altar of Trog.
 29992 | Orc:2    | Found a staircase to the Elven Halls.
 30912 | D:12     | Reached skill level 5 in Staves
 31208 | D:12     | Identified the +6 hand crossbow of jasper's Woe {penet,
                  | rPois Int+4}
 31324 | D:12     | Reached XP level 15. HP: 94/120 MP: 21/21
 32019 | D:12     | Received a gift from Okawaru
 32604 | D:12     | Received a gift from Okawaru
 32912 | D:12     | Identified the +3 battleaxe of Hairy Tortfeasance {drain,
                  | Fragile rPois Will+ Int+2}
 32912 | D:12     | Identified the amulet "Salej" {Regen+ Str+4 Dex+2}
 33049 | D:12     | Received a gift from Okawaru
 34373 | D:14     | Reached skill level 10 in Staves
 34403 | D:14     | Received a gift from Okawaru
 34428 | D:14     | Noticed Josephine
 34435 | D:14     | Killed Josephine
 34515 | D:14     | Paralysed by something for 6 turns
 34672 | D:14     | Noticed Nessos
 34678 | D:14     | Killed Nessos
 35145 | D:14     | Found the +2 hat of the Bear Spirit {Spirit, +Rage rN+
                  | Will++}
 35220 | D:14     | Noticed Louise
 35234 | D:14     | Cast into level 3 of the Abyss (Louise)
 35240 | Abyss:3  | Found a corrupted altar of Lugonu.
 35295 | Abyss:3  | Gained mutation: You sometimes gain power by taking damage.
                  | [demonic ancestry]
 35295 | Abyss:3  | Reached XP level 16. HP: 93/127 MP: 22/22
 35337 | Abyss:3  | Paralysed by accursed screaming for 1 turns
 35345 | Abyss:3  | Paralysed by accursed screaming for 1 turns
 35368 | Abyss:3  | Received a gift from Okawaru
 35410 | Abyss:3  | Noticed a tentacled starspawn
 35423 | Abyss:3  | Noticed an Executioner
 35435 | Abyss:3  | Killed an Executioner
 35471 | D:14     | Escaped the Abyss
 35485 | D:14     | Killed Louise
 35822 | D:14     | Found a gate to the Vaults.
 35836 | D:14     | Received a gift from Okawaru
 36177 | D:15     | Entered Level 15 of the Dungeon
 36694 | D:15     | Identified the +4 pair of gloves "Kackeg" {rElec rF+ Str-3
                  | Dex+7} (Okawaru gifted it to you on level 15 of the
                  | Dungeon)
 36694 | D:15     | Received a gift from Okawaru
 37340 | D:15     | Found a staircase to the Depths.
 37368 | D:15     | Noticed Kirke
 37384 | D:15     | Killed Kirke
 38050 | Spider:1 | Entered Level 1 of the Spider Nest
 38848 | Spider:1 | Identified the +0 pair of gloves "Cyut" {rF++ rN+}
 39662 | Spider:2 | Noticed Donald
 39682 | Spider:2 | Killed Donald
 39800 | Spider:2 | Noticed Arachne
 39825 | Spider:2 | Received a gift from Okawaru
 39826 | Spider:2 | Killed Arachne
 39826 | Spider:2 | Received a gift from Okawaru
 39827 | Spider:2 | Gained mutation: Your presence sometimes corrodes those you
                  | injure. [demonic ancestry]
 39827 | Spider:2 | Reached XP level 17. HP: 114/135 MP: 23/23
 40030 | Spider:2 | Noticed Frances
 40044 | Spider:2 | Killed Frances
 40213 | Spider:2 | Found a runed translucent door.
 40213 | Spider:2 | Noticed Zonian's ghost (adept VSCj)
 41332 | Spider:3 | Reached skill level 10 in Dodging
 41868 | Orc:2    | Bought the ring of the Tortoise {AC+8} for 1536 gold pieces
 41868 | Orc:2    | Found the ring of the Tortoise {AC+8}
 41868 | Orc:2    | Bought the amulet "Eqetox" {RegenMP Will++ Regen+ Int-2
                  | Stlth+} for 528 gold pieces
 42544 | Spider:3 | Received a gift from Okawaru
 42642 | Spider:3 | Received a gift from Okawaru
 43191 | Spider:4 | Entered Level 4 of the Spider Nest
 44941 | Spider:4 | Gained mutation: You have claws for feet. [demonic
                  | ancestry]
 44941 | Spider:4 | Reached XP level 18. HP: 72/146 MP: 15/24
 44977 | Spider:4 | Received a gift from Okawaru
 45127 | Spider:4 | Got a gossamer rune of Zot
 45321 | Swamp:1  | Entered Level 1 of the Swamp
 46943 | Swamp:3  | Reached skill level 15 in Fighting
 47375 | Swamp:3  | Received a gift from Okawaru
 47730 | Swamp:4  | Entered Level 4 of the Swamp
 48566 | Swamp:4  | Reached skill level 15 in Armour
 48576 | Swamp:4  | Found a runed translucent gate.
 48577 | Swamp:4  | Found a runed translucent gate.
 48578 | Swamp:4  | Found a runed translucent gate.
 48581 | Swamp:4  | Noticed Otejutz's ghost (journeyman DDFi)
 48761 | Swamp:4  | Received a gift from Okawaru
 48783 | Swamp:4  | Received a gift from Okawaru
 48792 | Swamp:4  | Gained mutation: You are completely covered in large bone
                  | plates. (SH +8) [demonic ancestry]
 48792 | Swamp:4  | Reached XP level 19. HP: 140/155 MP: 25/25
 49008 | Swamp:4  | Got a decaying rune of Zot
 49059 | Swamp:4  | Received a gift from Okawaru
 49340 | Swamp:4  | Identified the ring "Uzoq" {rN+ rCorr}
 49510 | Swamp:4  | Killed Otejutz's ghost
 49548 | Swamp:4  | Identified the Volume of Attacks
 49552 | Swamp:4  | Identified the amulet of Muen {RegenMP Harm Int+6 Slay+3}
 49862 | Elf:1    | Entered Level 1 of the Elven Halls
 50171 | Elf:1    | Reached skill level 15 in Dodging
 50231 | Elf:1    | Found Goulen's Antique Armour Emporium.
 50256 | Elf:1    | Bought a runed cloak for 135 gold pieces
 50475 | Elf:1    | Received a gift from Okawaru
 51115 | Elf:3    | Entered Level 3 of the Elven Halls
 51165 | Elf:3    | Found a portal to a secret trove of treasure.
 51282 | Elf:3    | Found a magical portal.
 51291 | WizLab   | Entered The Chambers of the Cloud Mage
 51515 | WizLab   | Reached skill level 15 in Crossbows
 51864 | WizLab   | Identified the ring "Favivao" {Fly Will+ Dex+4}
 51886 | WizLab   | Noticed Sede
 51900 | WizLab   | Killed Sede the Cloud Mage
 51953 | WizLab   | Identified Sif Muna's Reference Book on Feathers
 52224 | Elf:3    | Noticed Saint Roka
 52238 | Elf:3    | HP: 4/155 [Saint Roka/divine providence (14)]
 52248 | Elf:3    | Killed Saint Roka
 53229 | Elf:3    | Identified the +0 plate armour of Subjectivity {rElec
                  | Str+4} (Okawaru gifted it to you on level 3 of the Elven
                  | Halls)
 53229 | Elf:3    | Received a gift from Okawaru
 53230 | Elf:3    | Reached skill level 16 in Crossbows
 53230 | Elf:3    | Gained mutation: Your presence sometimes corrodes or
                  | deforms those you injure. [demonic ancestry]
 53230 | Elf:3    | Reached XP level 20. HP: 114/162 MP: 21/26
 53277 | Elf:3    | Identified the +4 flail of Gallantry {venom, Will- Int+7}
 53661 | Elf:3    | Identified the +1 pair of boots "Suseuff" {Str+3}
 53670 | Elf:3    | Identified the +2 cloak of Death's Door {Str+5}
 54019 | Vaults:1 | Entered Level 1 of the Vaults
 54065 | Vaults:1 | Reached skill level 17 in Crossbows
 54270 | Vaults:1 | Received a gift from Okawaru
 54336 | Vaults:1 | Found Pirontur's Armour Emporium.
 54352 | Vaults:1 | Bought the quicksilver dragon scales of Soft Rains {Fly
                  | rElec rC+ Will+ rCorr Dex-2} for 1436 gold pieces
 54544 | Vaults:1 | Noticed Aizul
 54563 | Vaults:1 | Killed Aizul
 54957 | Vaults:1 | Reached skill level 18 in Crossbows
 56029 | Vaults:2 | Reached XP level 21. HP: 168/168 MP: 27/27
 56036 | Vaults:2 | Reached skill level 19 in Crossbows
 56177 | Vaults:2 | Received a gift from Okawaru
 56411 | Vaults:2 | Received a gift from Okawaru
 56459 | Vaults:2 | Noticed a golden dragon
 56477 | Vaults:2 | Killed a golden dragon
 56478 | Vaults:2 | Reached skill level 20 in Crossbows
 56500 | Vaults:2 | Received a gift from Okawaru
 56545 | Vaults:2 | Identified a scroll of acquirement
 56546 | Vaults:2 | Acquired the +8 arbalest "Oczuot" {elec, rPois Int+4}
 57194 | Vaults:2 | Received a gift from Okawaru
 58559 | D:6      | Bought a potion of haste for 130 gold pieces
 58559 | D:6      | Bought a +0 pair of boots for 58 gold pieces
 58744 | Orc:2    | Bought a distressingly furry plate armour for 840 gold
                  | pieces
 58744 | Orc:2    | Identified the +10 plate armour of Devotion {rC+ Will++}
                  | (You bought it in a shop on level 2 of the Orcish Mines)
 59091 | Vaults:3 | Received a gift from Okawaru
 59133 | Vaults:3 | Identified the +8 triple crossbow of Secun {penet, rPois
                  | rN+ MP-9} (Okawaru gifted it to you on level 3 of the
                  | Vaults)
 59133 | Vaults:3 | Received a gift from Okawaru
 59427 | Vaults:3 | Gained mutation: You sometimes emit foul miasma when
                  | damaged in melee. [demonic ancestry]
 59427 | Vaults:3 | Reached XP level 22. HP: 187/187 MP: 28/28
 59905 | Vaults:3 | Received a gift from Okawaru
 59934 | Vaults:3 | Found a staircase to the Crypt.
 61328 | Vaults:4 | Received a gift from Okawaru
 61484 | Vaults:4 | Reached skill level 21 in Crossbows
 61813 | Vaults:4 | Identified the +7 long sword of Ridwycuse {freeze, rF+
                  | Will+ Str-3}
 61932 | Vaults:4 | Received a gift from Okawaru
 62175 | Depths:1 | Entered Level 1 of the Depths
 62179 | Depths:1 | Noticed Asterion
 62403 | D:15     | Received a gift from Okawaru
 62663 | D:15     | Killed Asterion
 62663 | D:15     | Received a gift from Okawaru
 62715 | Depths:1 | Found a gateway to Hell.
 62991 | Depths:1 | Blown up by a lich

Illustrated notes

Levels and vault maps discovered:
D:1:      nagdon_arrival_double_spiral, layout_basic, grunt_decor_cap
D:2:      layout_basic, chequers_ecumenical_altar_simple,
          minmay_misc_feat_more_columns, uniq_terence, uniq_jessica,
          uniq_crazy_yiuf_cottage
D:3:      layout_basic, grunt_temple_overflow_cloverleaf, portal_sewer_entry_e
D:4:      layout_rooms, nicolae_overflow_hidden_temple,
          small_statue_intersection, grunt_ministairs_15, nrook_mini_vaults,
          minmay_distorted, uniq_natasha, uniq_edmund, uniq_menkaure
D:5:      layout_loops_cross, amcnicky_altar_gilded, lemuel_tele_altar
D:6:      layout_cave_pools, nicolae_overflow_crystal_walls, serial_shops, shop
D:7:      nzn_winding_woodlands_large [nzn_winding_woodlands_5x5_checkerboard,
          nzn_winding_woodlands_5x15_river_crossing,
          nzn_winding_woodlands_5x5_three,
          nzn_winding_woodlands_center_diamonds,
          nzn_winding_woodlands_15x15_five_gardens,
          nzn_winding_woodlands_center_lodge, nzn_winding_woodlands_hourglass,
          nzn_winding_woodlands_5x15_lazy_stream,
          nzn_winding_woodlands_5x5_cross], layout_cave_pods,
          dk_yredelemnul_ordeal, minmay_temple_entry_offerings, uniq_maggie
D:8:      layout_rooms, dancing_weapons_uskayaw, erik_lair_dragon, special_room
          [special_room_orc]
D:9:      layout_basic, general_overflow_altar, nicolae_elyvilon_temple_path,
          minivault_25_ag
D:10:     minmay_angry_zag, layout_basic, ashenzari_altar_1, serial_shops,
          kennysheep_mini_moat
D:11:     layout_basic, serial_bayou, serial_bayou_pond_c, serial_bayou_pond_a,
          serial_bayou_pond_b, serial_bayou_shore_b, serial_bayou_pond_d
D:12:     minmay_spiral_squares, layout_irregular_city,
          portal_ice_cave_entry_ice_beasts, kennysheep_nub
D:13:     layout_basic
D:14:     layout_layer_cave, grunt_vaults_entry_fortified, corexii_corridor_pit,
          hangedman_aviary, uniq_louise, uniq_josephine, uniq_nessos
D:15:     hangedman_depths_entry_civil_slaughter, layout_layer_cave,
          minmay_evil_grid, uniq_kirke
Temple:   corrupted_temple
Lair:1:   gammafunk_boulding_lane, layout_loops_ring, infiniplex_staircase_pool,
          lemuel_fruit_fields, uniq_gastronok
Lair:2:   layout_layer_cave, skrybe_swamp_entry_bodies,
          nicolae_spider_entry_orb_guardian, gammafunk_ghost_ooze,
          chequers_serial_rivers_micro_e
Lair:3:   layout_cave_pods, kennysheep_rathole, minmay_lair_oklob_chamber,
          grunt_megastairs_1
Lair:4:   layout_long_grid, tgw_fedhas, grunt_megastairs_4, lemuel_fruit_tree
Lair:5:   layout_roguey, dpeg_slime_entry_corner, gauntlet_entry_generic,
          hellmonk_ghost_happy_afterlife
Lair:6:   minmay_lair_end_frog_pond, layout_cave_pods
Swamp:1:  layout_basic_swamp, hangedman_swamp_lotus, swamp_pool1,
          nicolae_swamp_nymph_family_reunion
Swamp:2:  layout_basic_swamp, evilmike_swamp_ruin_house_1
Swamp:3:  layout_basic_swamp, nicolae_swamp_treefoil, swamp_pool3
Swamp:4:  swamp, layout_basic_swamp, gammafunk_ghost_split
Spider:1: layout_spider_delve, guppyfry_hornet_nest
Spider:2: layout_spider_delve, gammafunk_ghost_grave, spiders_nest_spider_trap,
          uniq_arachne, uniq_frances, uniq_donald
Spider:3: spider_temple_joshua
Spider:4: grunt_spider_rune_circles, spiders_nest_the_unseen
Orc:1:    layout_caves, gammafunk_ghost_smash, abandoned_shop, uniq_nergalle
Orc:2:    st_orc_elflike, layout_caves, basic_altar, uniq_sonja
Elf:1:    elf_arrival_002, layout_rooms, serial_shops, shop,
          hangedman_elf_represent, roderic_lattice_octagonal_star
Elf:2:    layout_loops_corners, minivault_16, minmay_shop_grove
Elf:3:    elf_hall_gauntlet_narrow, layout_loops_corners, enter_trove_6,
          mu_enter_wizlab_3, uniq_saint_roka
Vaults:1: grunt_vaults_swirl, vaults_room_grid, v_misc_18,
          nicolae_vaults_hallways_thing, serial_ice_b,
          ontoclasm_vaults_ring_square, st_diamondy, grunt_vaults_trifunnel,
          vaults_room_fours, grunt_vaults_twisty, vaults_room_ringed_pool,
          layout_vaults_omnigrid, serial_shops, shop, uniq_aizul
Vaults:2: st_greater_box_5, v_alt_pattern_2, vaults_dpeg_doors, v_misc_26,
          v_alt_pattern_4, v_misc_13, nicolae_vaults_little_squares_3, v_misc_9,
          ontoclasm_vaults_pinch, nicolae_vaults_asterisk, v_misc_2,
          hangedman_vaults_maws, layout_vaults_big_cross, uniq_margery
Vaults:3: st_smaller_cells, ontoclasm_vaults_spin, nicolae_vaults_what_the_h,
          v_alt_pattern_6, minmay_crypt_entry_simple_walls,
          ontoclasm_vaults_chip, hangedman_vaults_capsules, vaults_dpeg_ring,
          nicolae_vaults_little_squares_1, v_misc_18, layout_vaults_big_room
Vaults:4: v_rooms_3, nicolae_vaults_little_squares_1,
          vaults_room_stairs_pillars, ontoclasm_vaults_ring_large,
          ontoclasm_vaults_loading_screen, v_misc_12, grunt_vaults_hallway_long,
          vaults_dpeg_cross, ontoclasm_vaults_fault, v_rooms_1, v_misc_14,
          nicolae_vaults_little_squares_2, ontoclasm_vaults_shout,
          ontoclasm_vaults_gateway, vaults_room_grunt_arrival_ludios,
          layout_vaults_omnibox
Depths:1: minmay_heptahexagon, layout_cave_pools, hell_entry,
          nicolae_abyss_entry_one_way_or_another, hangedman_ru_absence,
          lemuel_angel_altar, uniq_asterion

Skill      XL: |  1  2  3  4  5  6  7  8  9 10 11 12 13 14 15 16 17 18 19 20 21 22 |
---------------+-------------------------------------------------------------------+-----
Crossbows      | 2 3 4 5 6 8 10 13 14 16 18 20 21 | 21.8
Armour         | 4 6 8 9 11 12 13 15 | 15.0
Fighting       | 3 6 8 10 11 12 14 15 19 20 | 20.0
Invocations    | 5 8 9 |  9.0
Dodging        | 4 7 8 9 11 13 15 | 15.0
Evocations     | 3 6 |  6.0
Staves         | 5 12 13 | 13.9
Maces & Flails | |  1.0
Stealth        | |  1.7

Action                   |  1- 3 |  4- 6 |  7- 9 | 10-12 | 13-15 | 16-18 | 19-21 | 22-24 || total
-------------------------+-------+-------+-------+-------+-------+-------+-------+-------++-------
Melee: Hand crossbow     |       |       |       |     6 |       |       |       |       ||     6
       Kick              |       |       |       |     4 |    64 |   369 |   417 |    98 ||   952
       Lajatang          |       |       |       |       |   142 |   741 |   794 |   193 ||  1870
       Triple crossbow   |       |       |       |       |       |       |       |     1 ||     1
 Fire: Hand crossbow     |    81 |   158 |   281 |   747 |  1468 |     3 |       |       ||  2738
       Arbalest          |       |       |       |       |       |   747 |   582 |   109 ||  1438
       Triple crossbow   |       |       |       |       |       |       |       |   137 ||   137
Throw: Throwing net      |       |       |       |       |       |       |     1 |       ||     1
Invok: Heroism           |       |       |     1 |    19 |    16 |     1 |     2 |       ||    39
       Finesse           |       |       |       |     1 |     1 |     2 |     5 |       ||     9
 Abil: Evoke Blink       |       |       |       |       |       |       |       |     1 ||     1
Evoke: Wand              |       |     1 |       |    25 |    21 |    15 |     4 |       ||    66
       Phantom mirror    |       |       |       |     1 |     1 |       |     1 |       ||     3
       Phial of floods   |       |       |       |       |     1 |       |     2 |       ||     3
       Tin of tremorston |       |       |       |       |     2 |     5 |    12 |       ||    19
       Condenser vane    |       |       |       |       |     1 |     6 |     7 |     1 ||    15
  Use: Scroll            |     1 |     4 |     4 |    17 |     6 |     1 |     4 |       ||    37
       Potion            |     1 |       |       |     3 |     2 |     4 |     1 |       ||    11
 Stab: Distracted        |       |       |       |       |       |     1 |       |       ||     1
Armor: Robe              |    17 |       |       |       |       |       |       |       ||    17
       Chain mail        |       |    44 |    71 |   202 |   133 |       |       |       ||   450
       Pearl dragon scal |       |       |       |       |   456 |   877 |   215 |       ||  1548
       Quicksilver drago |       |       |       |       |       |       |   165 |   180 ||   345
Dodge: Dodged            |    15 |    28 |    37 |   156 |   535 |  1034 |   708 |   268 ||  2781
       Repelled          |       |       |     1 |     3 |       |       |       |       ||     4
Block: Other             |       |       |    16 |    45 |    43 |   381 |   319 |   139 ||   943
       Kite shield       |       |       |       |   137 |   696 |       |       |       ||   833
       Buckler           |       |       |       |       |    76 |       |       |       ||    76

Table legend: (Time is in decaauts)
 A = Elapsed time spent in this place.
 B = Non-inter-level travel time spent in this place.
 C = Inter-level travel time spent in this place.
 D = Time resting spent in this place.
 E = Time spent auto-exploring this place.
 F = Levels seen in this place.
 G = Mean time per level.
                   A        B        C        D        E       F      G
               +--------+--------+--------+--------+--------+-----+--------+
         Total |  63678 |  58120 |   5558 |   7946 |  38634 |  44 | 1447.2 |
       Dungeon |  25731 |  22783 |   2948 |   2466 |  16485 |  15 | 1715.4 |
        Temple |     27 |     15 |     12 |      0 |      8 |   1 |   27.0 |
          Lair |  10364 |   9743 |    621 |    380 |   7865 |   6 | 1727.3 |
         Swamp |   4630 |   4444 |    186 |   1112 |   2348 |   4 | 1157.5 |
   Spider Nest |   6666 |   6265 |    401 |   1584 |   3498 |   4 | 1666.5 |
  Orcish Mines |   3670 |   3116 |    554 |   1296 |   1100 |   2 | 1835.0 |
   Elven Halls |   3134 |   2738 |    396 |    442 |   1643 |   3 | 1044.7 |
        Vaults |   6954 |   6517 |    437 |    302 |   4685 |   4 | 1738.5 |
        Depths |    333 |    333 |      0 |      0 |    189 |   1 |  333.0 |
         Abyss |    214 |    214 |      0 |      6 |      0 |   1 |  214.0 |
         Sewer |    300 |    300 |      0 |      0 |    237 |   1 |  300.0 |
        Wizlab |    700 |    700 |      0 |     51 |    297 |   1 |  700.0 |
      Gauntlet |    950 |    950 |      0 |    304 |    278 |   1 |  950.0 |
               +--------+--------+--------+--------+--------+-----+--------+

Top non-repeatable levels by time:
    D:12: 3262 daAuts
    D:11: 3134 daAuts
  Lair:6: 2890 daAuts
     D:8: 2818 daAuts
     D:7: 2709 daAuts
   Orc:2: 2310 daAuts
  Lair:2: 2215 daAuts
Vaults:2: 2187 daAuts
    D:15: 2080 daAuts
Spider:4: 1968 daAuts
   Elf:3: 1927 daAuts
 Swamp:4: 1920 daAuts
    D:14: 1854 daAuts
Vaults:1: 1837 daAuts
Spider:3: 1630 daAuts
